[Event "Charlotte Summer IM C 2022"]
[Site "Charlotte"]
[Date "2022.07.26"]
[Round "4.5"]
[White "Rodrigue-Lemieux, Shawn"]
[Black "Luo, Terry"]
[Result "1-0"]
[ECO "B53"]
[WhiteElo "2366"]
[BlackElo "2204"]
[Annotator "TA"]
[PlyCount "105"]
[EventDate "2022.07.24"]
[EventType "tourn"]
[EventCountry "USA"]
[SourceTitle "playchess.com"]
[Source "ChessBase"]
[SourceQuality "1"]
[TimeControl "5400+30"]

1. e4 c5 2. Nf3 d6 3. d4 cxd4 4. Qxd4 a6 5. c4 Nc6 6. Qe3 Nf6 {[%emt 0:00:00] B53: Sicilian: 2...d6: Lines with Qxd4.} 7. h3 g6 8. Be2 Bg7 {[%emt 0:00:00] White has an edge.} 9. Nc3 O-O 10. O-O Nd7 11. Rb1 Nde5 12. Rd1 Nxf3+ 13. Bxf3 Qa5 14. Bd2 Qc5 {[%emt 0:00:30] [#]} 15. Na4 $146 ({Predecessor:} 15. Nd5 Be6 16. Qxc5 dxc5 17. Bg5 Rae8 18. Nc7 Rb8 19. b3 Bd4 20. Nd5 f6 21. Bf4 {½-½ (35) Paichadze,L (2568)-Gagunashvili,M (2553) Ureki 2015}) 15... Qxe3 16. Bxe3 b5 17. e5 Nxe5 18. Bxa8 bxa4 19. Be4 {next c5 is good for White.} f5 (19... Nxc4 $11 {keeps the balance.} 20. Bg5 h6 21. Bxe7 Re8) 20. Bc2 Nxc4 21. Bd4 e5 (21... Bd7 $1 $14) 22. Bc3 $16 Bd7 23. Bd3 $1 Bb5 24. Bxc4+ {[%emt 0:00:00][%mdl 64] Discovered Attack} Bxc4 25. Rxd6 Bxa2 26. Re1 e4 27. Rxa6 (27. Bxg7 $142 Kxg7 28. Rxa6) 27... Bb3 (27... Bxc3 $16 28. bxc3 Bb3) 28. f3 (28. Bxg7 $18 Kxg7 29. f3) 28... Bxc3 29. bxc3 exf3 30. gxf3 {[%emt 0:01:30][%mdl 4096] Endgame Re7 is the strong threat. KRR-KRB} Kg7 (30... Kf7 $16) 31. Re7+ $1 $18 Kh6 32. f4 Rh8 $2 (32... Rc8 {might work better.}) 33. Raa7 g5 34. Kf2 gxf4 35. Kf3 Kg5 36. Rg7+ (36. Rxh7 Rxh7 37. Rxh7 Bd5+ 38. Kf2 a3 $11) 36... Kf6 37. Rxh7 (37. Kxf4 Re8) 37... Rc8 (37... Re8 $142 38. Ra6+ (38. Kxf4 Re4+ 39. Kf3 Bd1+ 40. Kf2 Re2+ 41. Kf1 Rh2 $16) 38... Ke5 39. Ra5+ Kf6) 38. Rhc7 $1 (38. Kxf4 Rc4+ 39. Ke3 Rxc3+ 40. Kd2 Rc2+ 41. Kd3 Rh2 $14) 38... Rh8 39. Ra6+ ({Much less strong is} 39. Kxf4 $6 Rxh3 40. Rc6+ Be6 $18) (39. Rc6+ $1 $18 Be6 40. Kg2 (40. Kxf4 Rxh3 41. Raa6 Rh4+ 42. Kf3 Re4 $18)) 39... Ke5 $2 {[%emt 0:01:30][%mdl 8192] [#] Black cannot hold the game after this.} (39... Be6 $16 40. Kg2 (40. Kxf4 Rxh3 41. Rcc6 Rh4+ 42. Kf3 Re4 $18) 40... f3+ 41. Kf2 (41. Kxf3 Rxh3+ 42. Kf2 Rh2+ 43. Kg3 Rd2 $18) 41... Rxh3) 40. Rc5+ $1 Bd5+ 41. Kf2 Rxh3 {[%emt 0:00:00] [#]} 42. c4 $1 {[%emt 0:00:00][%mdl 64] Pin} Rh2+ 43. Ke1 Rh1+ 44. Kd2 Rh2+ 45. Kc3 Rh3+ 46. Kb4 f3 47. Rxd5+ Kf4 48. Raa5 Rh5 49. Rxa4 f2 50. Ra1 {[%emt 0:00:19] White mates.} Kg3 51. c5 Kg2 52. c6 Rh4+ 53. Kb5 {[%emt 0:00:23] Weighted Error Value: White=0.13 (very precise) /Black=0.44} 1-0

[Event "Charlotte Summer IM C 2022"]
[Site "Charlotte"]
[Date "2022.07.27"]
[Round "5.1"]
[White "Luo, Terry"]
[Black "Huston, Gus"]
[Result "1-0"]
[ECO "E08"]
[WhiteElo "2204"]
[BlackElo "2282"]
[Annotator "TA"]
[PlyCount "139"]
[EventDate "2022.07.24"]
[EventType "tourn"]
[EventCountry "USA"]
[SourceTitle "playchess.com"]
[Source "ChessBase"]
[SourceQuality "1"]
[TimeControl "5400+30"]

1. d4 Nf6 2. c4 e6 3. g3 d5 4. Bg2 Be7 5. Nf3 O-O 6. O-O Nbd7 7. Qc2 c6 8. Rd1 b6 9. b3 Bb7 {[%emt 0:00:09] 9...Bb7 is better than 9...Ba6.} 10. Nc3 Ba6 {[%emt 0:00:06] E08: Closed Catalan: Main Line: 7 Qc2.} 11. Bb2 b5 12. c5 b4 {[%emt 0:01:08] White is slightly better.} 13. Na4 Bb5 {[%emt 0:14:25] [#]} 14. Ne1 $146 ({Predecessor:} 14. a3 a5 15. axb4 axb4 16. Ne1 Qc7 17. Nd3 Qb7 18. Bc1 Ra7 19. Bd2 Rfa8 20. Rdb1 {½-½ (29) Baburin,A (2416)-Fitzsimons,D (2324) Dublin 2021}) 14... Qc7 15. Nd3 a5 16. a3 bxa3 17. Rxa3 Rfe8 18. Nc3 Ba6 19. Rda1 Bb7 (19... Bxd3 $14 20. Qxd3 (20. exd3 Qb7 $14) 20... e5) 20. e4 dxe4 21. Nxe4 Nxe4 22. Bxe4 Nf6 23. Bf3 Ba6 24. Ne5 Bb5 25. Bc3 Nd7 26. Bxa5 {[%emt 0:28:11] 0x0.0013bbc83422dp-1022s more active pieces.} (26. Rxa5 {keeps more tension.} Rxa5 27. Bxa5 Qb7 28. Nc4) 26... Nxe5 $4 27. dxe5 $2 (27. Bxc7 $18 Nxf3+ 28. Kh1 Rxa3 29. Rxa3) 27... Rxa5 $2 28. Rxa5 $18 {[%emt 0:00:07] [#] Ra8 is the strong threat.} Qxe5 29. Ra8 Rf8 30. Rxf8+ Bxf8 31. Rc1 g5 32. Qc3 Qf5 33. Qe3 g4 (33... h6 $142 34. Be2 Bxe2) 34. Be2 Bxe2 35. Qxe2 {[%emt 0:14:04][%mdl 4096] Endgame KQR-KQB} h5 36. b4 Qg5 37. Qe3 Qd5 38. Re1 Bg7 39. Qe4 Qb3 40. Re3 Qb2 41. Rd3 {[%emt 0:00:00] Inhibits Bd4.} Bc3 42. Kg2 Qxb4 43. Qxc6 Kg7 44. Rd7 {[%emt 0:00:14] [#] Intending Qxe6 and mate.} h4 {[%emt 0:01:48] ( -> ...h3+)} 45. gxh4 {[%emt 0:02:42] And now Qxe6 would win.} (45. Qxe6 $2 h3+ 46. Kf1 Qb1+ 47. Ke2 Qe1+ 48. Kd3 Qxe6 $19) 45... Qc4 46. Qb7 Qf4 47. Rd3 (47. Qb1 $18) 47... Bd4 $14 48. f3 Be5 49. fxg4 Qxh2+ 50. Kf1 {[%emt 0:00:01] Hoping for Qe4.} Qc2 $2 (50... Qf4+ $16 51. Qf3 (51. Rf3 Qc4+ 52. Kf2 Qc2+ 53. Ke3 Qc3+ 54. Kf2 Qd2+ 55. Kg1 Qd1+ 56. Kg2 Qe2+ 57. Rf2 Qxg4+ 58. Kh1 Qd1+ 59. Kg2 Qg4+ 60. Kh1 Qd1+ 61. Kg2 Qg4+ $11) 51... Qc1+ 52. Kf2 Bf4) 51. Qf3 ({Stronger than} 51. Rf3 Qd1+ 52. Kg2 Qe2+ 53. Rf2 (53. Kg1 Qd1+ 54. Kg2 Qe2+ 55. Rf2 Qxg4+ 56. Kh1 Qd1+ 57. Kg2 Qg4+ 58. Kh1 Qd1+ 59. Kg2 Qg4+ $11) 53... Qxg4+ 54. Kh1 Qd1+ 55. Kg2 Qg4+ 56. Kh1 Qd1+ 57. Kg2 Qg4+ $11) (51. Qe4 $18 {is the precise move to win.} Qb1+ 52. Kf2 Qc2+ 53. Kf3) 51... Qxc5 $16 52. Qe2 Qc1+ 53. Kg2 Qf4 (53... Qc6+ $16 54. Rf3 Bf4) 54. Rh3 $2 (54. Kh3 $18) 54... f6 $11 55. Qf3 {[%emt 0:00:21] Strongly threatening Qxf4.} Qd2+ 56. Qf2 Qb4 57. Qe2 Qf4 58. Qf3 Qd2+ 59. Kh1 Qc1+ 60. Kg2 Qd2+ 61. Qf2 Qb4 $1 62. Qe2 {[%emt 0:00:55] aiming for Re3.} Qf4 $1 63. h5 Kh6 $2 (63... Kh8 $11 {and Black has nothing to worry.}) 64. Qe3 $18 {[%emt 0:00:05] Black must now prevent Rf3.} f5 $2 (64... Kg7 $18 65. Qxf4 Bxf4) 65. Rf3 {[%emt 0:00:49] White mates.} ({Weaker is} 65. gxf5 exf5 66. Qxf4+ Bxf4 $18) 65... Qxe3 66. Rxe3 Bf6 67. Rxe6 Kg5 68. h6 fxg4 69. h7 Bg7 70. Re8 {[%emt 0:00:07] Weighted Error Value: White=0.38/Black=0.31} 1-0

[Event "Charlotte Summer IM C 2022"]
[Site "Charlotte"]
[Date "2022.07.27"]
[Round "5.2"]
[White "Xie, Bryan"]
[Black "Rodrigue-Lemieux, Shawn"]
[Result "0-1"]
[ECO "B15"]
[WhiteElo "2191"]
[BlackElo "2366"]
[Annotator "TA"]
[PlyCount "42"]
[EventDate "2022.07.24"]
[EventType "tourn"]
[EventCountry "USA"]
[SourceTitle "playchess.com"]
[Source "ChessBase"]
[SourceQuality "1"]
[TimeControl "5400+30"]

1. e4 c6 2. d4 d5 3. Nc3 dxe4 4. Nxe4 Nf6 5. Nxf6+ exf6 6. c3 Bf5 7. Bf4 {[%emt 0:01:48] B15: Caro-Kann: 3 Nc3: 3...g6 and 3...dxe4 4 Nxe4 Nf6 5 Nxf6+ exf6.} Bd6 8. Bxd6 Qxd6 9. Bd3 {[%emt 0:00:59] The position is equal.} Bxd3 10. Qxd3 O-O 11. O-O-O {[%emt 0:01:04] [#]} (11. Ne2 $11) 11... Qd5 $146 ({Predecessor:} 11... Nd7 12. Nf3 Rfe8 13. Kb1 Re6 14. Rhe1 Rae8 15. h3 Rxe1 16. Rxe1 Rxe1+ 17. Nxe1 Qe6 {½-½ (29) Wigger,J-Hainke,G Germany 1995}) 12. Nf3 Qxa2 13. Rhe1 Nd7 14. Re7 Qd5 15. c4 Qd6 16. Rde1 {[%emt 0:00:10] [#]} (16. Qa3 $17 {was worth a try.} Qxa3 17. bxa3) 16... Ne5 $1 $19 17. R1xe5 fxe5 18. Rxb7 (18. Rxe5 $142 Rae8 19. Re3) 18... exd4 19. Qxd4 Qh6+ 20. Kb1 $2 (20. Qe3 Qg6 21. g3) 20... Qg6+ 21. Ka2 c5 {[%emt 0:00:22] White got outplayed after the opening.  Weighted Error Value: White=0.52/Black=0.10 (very precise)} 0-1

[Event "Charlotte Summer IM C 2022"]
[Site "Charlotte"]
[Date "2022.07.27"]
[Round "5.3"]
[White "Adewumi, Tanitoluwa"]
[Black "Venkat, Raghav"]
[Result "1/2-1/2"]
[ECO "B31"]
[WhiteElo "2309"]
[BlackElo "2227"]
[Annotator "TA"]
[PlyCount "124"]
[EventDate "2022.07.24"]
[EventType "tourn"]
[EventCountry "USA"]
[SourceTitle "playchess.com"]
[Source "ChessBase"]
[SourceQuality "1"]
[TimeControl "5400+30"]

1. e4 c5 2. Nf3 Nc6 3. Bb5 g6 4. Bxc6 dxc6 5. d3 Bg7 6. h3 e5 7. Be3 b6 8. Nc3 Ne7 9. Qd2 {[%emt 0:00:05] B31: Sicilian: 2...Nc6 3 Bb5 g6.} h6 10. O-O Be6 11. a3 (11. Qe2 $11) 11... f5 $15 12. exf5 $1 gxf5 {[%emt 0:01:35] [#]} 13. Rfe1 $146 ({Predecessor:} 13. Qe2 O-O 14. Nh4 Nd5 15. Bd2 Qxh4 16. f4 Rae8 17. fxe5 Bd7 18. Qf3 Rxe5 19. Nxd5 cxd5 {0-1 (54) Gu,X (2219)-Simonovic,M (2115) Chess.com INT 2022}) 13... Ng6 {[%emt 0:00:20] Inhibits Bf4.} 14. Qe2 O-O 15. Nh2 Kh7 16. f4 (16. Qh5 $11 {keeps the balance.}) 16... exf4 $17 17. Bxc5 Re8 18. Bf2 Bxc3 19. bxc3 Bd5 (19... Bf7 $11 20. Qh5 Qg5 21. Qxg5 hxg5) 20. Qh5 Qg5 21. Qxg5 hxg5 22. c4 Be6 23. Nf3 Kh6 24. a4 (24. Bd4 $14) 24... c5 $11 {[%emt 0:01:08] Black wants to play ...g4.} 25. Kf1 g4 26. Nd2 ({Better is} 26. a5 $1 $15) 26... g3 $19 27. Bg1 Bd7 $1 28. c3 (28. Nf3 {was called for.}) 28... Rxe1+ 29. Rxe1 Bxa4 30. Re6 Bc2 31. Ke2 Kg7 32. Nf3 Rd8 33. Ne1 (33. d4) 33... Ba4 34. Nf3 {[%emt 0:00:23] [#]} Be8 $1 35. Kd2 $2 (35. h4) 35... Bf7 36. Rc6 Rd7 37. Rc8 Bxc4 38. Bd4+ cxd4 39. Rxc4 dxc3+ 40. Kxc3 {[%emt 0:00:09][%mdl 4096] Endgame KRN-KRN} Re7 {[%emt 0:01:55] White must now prevent ...Re2.} 41. Kd2 {[%emt 0:01:13] Inhibits Re2+.} Kf6 {[%emt 0:01:17] Threatens to win with ...b5.} 42. d4 b5 43. Rc5 Rb7 44. Rc6+ Kg7 (44... Kf7 $19 45. Ng5+ Kg7 46. Ne6+ Kg8 47. Rc8+ Kh7 48. Ng5+ Kh6) 45. Kc3 $2 (45. h4 $17) 45... a5 46. Rc5 (46. h4 $142 Ne7 47. Rd6) 46... b4+ 47. Kb3 (47. Kb2 $142 Re7 48. Rc2) 47... a4+ 48. Kxa4 b3 {[%emt 0:00:05] Strongly threatening ...b2.} 49. Rc1 b2 50. Rb1 Ne7 (50... Kh6 $142 {...Kh5 is the strong threat.} 51. Ka3 Kh5) 51. Ka3 Nd5 {[%emt 0:00:06] Hoping for ...Ne3.} 52. Rxb2 Rxb2 (52... Rc7 $19 {aiming for ...Ne3.} 53. Ka2 Kf6) 53. Kxb2 {[%emt 0:00:03] KN-KN} Ne3 54. Ne1 (54. Kc3 $11) 54... Kf6 $17 (54... Nxg2 $2 55. Nxg2 Kf7 56. Nh4 $18) 55. Kc3 {[%emt 0:01:46] [#]} Nxg2 $1 56. Nf3 Ne3 57. Kd3 Nf1 (57... Nd5 $17 58. Ke2 Ne7) 58. Ke2 $11 Nh2 59. Ne1 $2 (59. h4 $11) 59... Ke6 60. h4 g2 $2 (60... Kd5 {mates} 61. h5 Ke4 62. h6 f3+ 63. Nxf3 Nxf3 64. h7 Nxd4+ 65. Kd2 g2 66. h8=Q g1=Q 67. Qa8+ Kf4 68. Qb8+ Kf3 69. Qa8+ Kf2 70. Kc3 Qc1+ 71. Kb4 f4 72. Qa7 Qe3 73. Kc4 Qe6+ 74. Kc5 {[#]} f3 $1 75. Qg7 Nb3+ 76. Kb5 Ke2 77. Qg1 Qd5+ 78. Kb4 Nd4 79. Qg6 Qb5+ 80. Kc3 Qc5+ 81. Kb2 Qb4+ 82. Ka2 Qb3+ 83. Ka1 Qa3+ 84. Kb1 Qd3+ 85. Qxd3+ Kxd3 86. Ka2 f2 87. Kb2 f1=Q 88. Ka3 Kc3 89. Ka2 Qe2+ 90. Kb1 Qb2#) 61. Kf2 f3 {[%emt 0:00:06] ( -> ...Ng4+)} 62. Kg1 {[%emt 0:00:27] [#]} Kd5 $1 {[%emt 0:02:17] Weighted Error Value: White=0.53/Black=0.36} 1/2-1/2

[Event "Charlotte Summer IM C 2022"]
[Site "Charlotte"]
[Date "2022.07.27"]
[Round "5.4"]
[White "Girones Barrios, Yans Richard"]
[Black "Wen, Tommy"]
[Result "1/2-1/2"]
[ECO "D94"]
[WhiteElo "2412"]
[BlackElo "2040"]
[Annotator "TA"]
[PlyCount "122"]
[EventDate "2022.07.24"]
[EventType "tourn"]
[EventCountry "USA"]
[SourceTitle "playchess.com"]
[Source "ChessBase"]
[SourceQuality "1"]
[TimeControl "5400+30"]

1. d4 d5 2. c4 c6 3. Nc3 Nf6 4. e3 g6 5. Nf3 Bg7 6. Bd3 O-O 7. h3 c5 8. O-O Nc6 {[%emt 0:05:59] D94: Grünfeld: 4 Nf3 Bg7 5 e3.} 9. dxc5 dxc4 10. Bxc4 Qa5 {[%emt 0:01:38] White is slightly better.} 11. Na4 (11. Qe2 $14) 11... Ne4 $1 $11 12. Qc2 Bf5 {[%emt 0:07:43][%mdl 1024] Black has compensation.} 13. Nh4 Nb4 ({Resist} 13... Nxc5 14. Nxf5 Qxa4 15. b3 $16) 14. Qb3 Bd7 15. a3 Na6 16. Qxb7 {[%emt 0:00:27] [#]} Qxa4 $146 (16... Nexc5 {is interesting.} 17. Nxc5 Nxc5 18. Qf3 Qa4) ({Predecessor:} 16... Naxc5 17. Nxc5 Nxc5 18. Qb4 Qc7 19. Qe1 Rab8 20. Bd2 Bxb2 21. Ra2 Ne4 22. Bd3 Nxd2 23. Qxd2 {½-½ (58) Zhao,X (2562)-Gu,T (1984) China 2013}) 17. Qxa6 Qxa6 18. Bxa6 Nxc5 19. Bc4 Rab8 20. Nf3 Bxb2 21. Bxb2 Rxb2 22. Rac1 Be6 23. Nd4 Rb6 24. Bxe6 Nxe6 25. Nxe6 Rxe6 {[%emt 0:00:20][%mdl 4096] Endgame KRR-KRR} 26. Rc7 Ra6 ({Better is} 26... a6 $11) 27. Rxe7 $14 Rxa3 28. Rc1 a5 29. Rcc7 Ra1+ 30. Kh2 a4 31. Ra7 a3 32. e4 a2 33. e5 Rc8 34. e6 Rac1 35. Rxa2 R1c7 36. Rxf7 {[%emt 0:01:56] White is more active.} (36. exf7+ {seems wilder.} Kf8 37. Re4 Rxf7 38. f3) 36... Rxf7 37. exf7+ Kxf7 $16 {[%emt 0:00:03] KR-KR} 38. Ra7+ Kg8 39. Kg3 Rf8 40. Re7 Rf6 41. f3 Rf5 42. Kg4 Kh8 43. f4 Kg8 44. g3 Rb5 45. Re5 Rb3 46. Kh4 Kf7 47. Ra5 Rf3 48. Ra7+ Kg8 $1 49. Ra4 Kg7 50. Ra7+ Kg8 51. Kg4 Rb3 52. Re7 Ra3 53. h4 h5+ 54. Kh3 Kf8 55. Re5 Kf7 56. Rg5 Kf6 57. Kg2 Ra2+ {[%emt 0:00:00] The position is equal.} 58. Kf3 Ra3+ 59. Ke4 Ra4+ 60. Kd5 Ra5+ 61. Kd6 Ra6+ {[%emt 0:00:00] Weighted Error Value: White=0.08 (flawless) /Black=0.06 (flawless)} 1/2-1/2

[Event "Charlotte Summer IM C 2022"]
[Site "Charlotte"]
[Date "2022.07.26"]
[Round "5.5"]
[White "Arjun, Vishnuvardhan"]
[Black "Rodriguez Rivera, Pedro"]
[Result "1/2-1/2"]
[ECO "A02"]
[WhiteElo "2273"]
[BlackElo "2192"]
[Annotator "TA"]
[PlyCount "20"]
[EventDate "2022.07.24"]
[EventType "tourn"]
[EventCountry "USA"]
[SourceTitle "playchess.com"]
[Source "ChessBase"]
[SourceQuality "1"]
[TimeControl "5400+30"]

1. f4 Nf6 2. Nf3 d6 3. g3 g6 4. Bg2 Bg7 5. O-O O-O 6. d3 c6 7. e4 {[%emt 0:00:15] A02: Bird's Opening.} Nbd7 8. Nc3 a6 9. h3 Qc7 10. Be3 {[%emt 0:00:22] [#]} Re8 $146 {[%emt 0:00:30] Not much happened in this game.  Weighted Error Value: White=0.15 (very precise) /Black=0.19 (very precise)} ({Predecessor:} 10... b5 11. Qd2 e5 12. f5 d5 13. exd5 cxd5 14. Bh6 Bb7 15. Bxg7 Kxg7 16. fxg6 fxg6 {1-0 (26) Topi Hulmi,T (2277)-Byggmastar,L (2202) Finland 2009}) 1/2-1/2

[Event "Charlotte Summer IM C 2022"]
[Site "Charlotte"]
[Date "2022.07.27"]
[Round "6.1"]
[White "Huston, Gus"]
[Black "Rodriguez Rivera, Pedro"]
[Result "1/2-1/2"]
[ECO "C10"]
[WhiteElo "2282"]
[BlackElo "2192"]
[Annotator "TA"]
[PlyCount "127"]
[EventDate "2022.07.24"]
[EventType "tourn"]
[EventCountry "USA"]
[SourceTitle "playchess.com"]
[Source "ChessBase"]
[SourceQuality "1"]
[TimeControl "5400+30"]

1. e4 e6 2. d4 d5 3. Nd2 dxe4 4. Nxe4 Nd7 5. Nf3 Ngf6 6. Bd3 Be7 7. O-O O-O 8. Nxf6+ Bxf6 9. c3 b6 {[%emt 0:02:14] C10: French with 3 Nc3: Unusual Black 3rd moves and 3...dxe4.} 10. Qc2 {[%emt 0:07:11] [#]} h6 $146 ({Predecessor:} 10... g6 11. Re1 Bb7 12. Bf4 Rc8 13. Be5 c5 14. Be4 Bxe4 15. Rxe4 cxd4 16. Rxd4 Qe8 17. Rxd7 Bxe5 18. Nxe5 {1-0 (40) Garcia Martinez,J (1757)-Pena Marina,J (1949) Tres Cantos 2009}) 11. Bh7+ Kh8 12. Be4 Rb8 13. Qe2 Bb7 14. Bc2 Re8 15. Bf4 {[%emt 0:02:34] Against e5} Rc8 16. Rad1 Qe7 17. Rfe1 Nf8 18. Ne5 Red8 19. Qh5 {[%emt 0:01:56] 0x0.001e3cef5f53dp-1022s more active pieces.} Bxe5 20. dxe5 (20. Rxe5 $16 {[%cal Of4h6] Strongly threatening Bxh6!} Nh7 21. Rde1) 20... Rxd1 $14 21. Rxd1 Kg8 {[%emt 0:01:21] [#]} (21... Rd8 $1 $14) 22. Qg4 ({White must play} 22. Bxh6 $1 $18 Rd8 23. Rxd8 Qxd8 24. Qg5 Qxg5 25. Bxg5) 22... Rd8 23. Re1 Kh8 24. Bc1 Bc6 25. h4 Nh7 26. Re3 Rg8 27. b4 Rd8 28. Rg3 $40 {[%emt 0:02:03][%csl Gg3][%cal Rg4g7][%mdl 128] White is up to no good.} Qf8 ({Black should play} 28... f6 $14) 29. Kh2 ({White should try} 29. Qc4 $18 Qe8 30. Qf4 (30. Qg4 Qf8 $16)) 29... f5 30. exf6 $1 Nxf6 31. Qxe6 Bd7 32. Qe2 Re8 33. Qf3 h5 (33... Qe7 $16) 34. Rg5 $1 $18 {[%emt 0:02:12] Hoping for Rxh5+.} Ng4+ 35. Kg3 Qxf3+ 36. Kxf3 Rf8+ 37. Kg3 Nf6 38. Be3 Be6 39. a4 Bf7 40. Bd4 Rd8 41. f3 Rd5 42. Bxf6 gxf6 43. Rxd5 Bxd5 {[%emt 0:00:00][%mdl 4096] Endgame KB-KB} 44. Bg6 a5 45. Bxh5 {[%emt 0:00:00] Be8 is the strong threat.} Bc6 46. bxa5 bxa5 47. Kf4 Kg7 48. Ke3 Bxa4 49. Kd2 Bb3 50. Kc1 a4 $2 (50... Kh6 51. Bg4 Kg6) 51. Kb2 Bd1 52. Bg4 {[%emt 0:00:00] And now Bf5 would win.} Kg6 53. Ka3 $2 (53. Kc1 $18 Bb3 54. Bd7 (54. Kb2 f5 $11)) 53... f5 $11 54. h5+ (54. Bh3 $5 ) 54... Kf6 $1 55. Bh3 f4 56. Bd7 Kg5 57. Be8 Be2 {[%emt 0:00:00] aiming for ...Bf1.} 58. Kxa4 Bf1 59. Bd7 $2 (59. Bf7 $11) 59... Kxh5 $19 60. Bh3 {[%emt 0:00:00] [#]} Kh4 $1 61. g3+ Kxh3 62. gxf4 {[%emt 0:00:02] [#]} Bd3 $2 ({Better is} 62... Kh4 $1 $19 {( -> ...Be2)} 63. Kb4 Be2) 63. Kb4 $11 Kg3 64. Kc5 {[%emt 0:00:02] Never resign too early!  Weighted Error Value: White=0.37/Black=0.23 (precise)} 1/2-1/2

[Event "Charlotte Summer IM C 2022"]
[Site "Charlotte"]
[Date "2022.07.27"]
[Round "6.2"]
[White "Wen, Tommy"]
[Black "Arjun, Vishnuvardhan"]
[Result "1/2-1/2"]
[ECO "B41"]
[WhiteElo "2040"]
[BlackElo "2273"]
[Annotator "TA"]
[PlyCount "68"]
[EventDate "2022.07.24"]
[EventType "tourn"]
[EventCountry "USA"]
[SourceTitle "playchess.com"]
[Source "ChessBase"]
[SourceQuality "1"]
[TimeControl "5400+30"]

1. e4 c5 2. Nf3 e6 3. d4 cxd4 4. Nxd4 a6 5. c4 Nf6 6. Nc3 Bb4 7. Qd3 {[%emt 0:00:12] The modern move. B41: Sicilian: Kan Variation: 5 c4.} Qc7 8. Nc2 (8. a3 $5 Bxc3+ 9. Qxc3 $14 (9. bxc3 d6 $11)) 8... Bd6 (8... Bxc3+ $5 9. Qxc3 O-O $11) 9. Be2 {[%emt 0:17:10] White is slightly better.} Nc6 10. Qh3 {[%emt 0:06:25] [#]} (10. Bg5 $14) 10... Be5 $146 ({Predecessor:} 10... b6 11. O-O Bb7 12. f4 Bc5+ 13. Be3 h5 14. e5 Nxe5 15. fxe5 Qxe5 16. Bxc5 Qxc5+ {1-0 (45) Barski,R (2452)-Miezis,N (2434) Katowice 2017}) 11. O-O O-O 12. Qh4 (12. Bd3 $11 {is superior.}) 12... Bxc3 ({Black should play} 12... Ne7 $15) 13. bxc3 $11 Ne5 14. Qf4 d6 15. Ba3 Nxc4 16. Bxc4 Qxc4 17. Qxd6 {[%emt 0:01:10][%csl Ga3][%cal Rd6f8] [#]} Re8 18. e5 Ne4 19. Qd4 Qxd4 20. cxd4 b5 21. Rfe1 Bb7 22. f3 Nc3 23. Bc5 Rec8 24. Nb4 (24. Ne3 $11) 24... a5 25. Nd3 b4 26. Kf2 Na4 27. Rec1 Ba6 28. Ke3 Rc6 29. Bd6 Rc3 30. Rxc3 Nxc3 31. Kd2 Nb5 32. Bc5 Rd8 33. Bb6 {[%emt 0:00:39][%csl LRa5,LRd8] [#]} Rd7 (33... Rd5 $1 $17 34. Nf4 Rd7) 34. Bxa5 $2 (34. Nc5 $1 $14 {keeps the upper hand.} Rxd4+ 35. Ke3) 34... Rd5 $4 {[%mdl 8192] Weighted Error Value: White=0.28 (precise) /Black=0.14 (very precise)} ({Worse is} 34... Rxd4 35. Ke3 (35. Bxb4 $2 Nc7 $19) 35... Rd5 36. Nxb4 (36. Bxb4 Na3 $11) 36... Rxe5+ 37. Kf2 $11 (37. Kf4 Rf5+ 38. Ke3 Re5+ 39. Kf4 Rf5+ 40. Ke3 Re5+ $11)) (34... Nxd4 $19 {and life is good for Black.} 35. Bxb4 Bxd3) 1/2-1/2

[Event "Charlotte Summer IM C 2022"]
[Site "Charlotte"]
[Date "2022.07.27"]
[Round "6.3"]
[White "Venkat, Raghav"]
[Black "Girones Barrios, Yans Richard"]
[Result "1/2-1/2"]
[ECO "C47"]
[WhiteElo "2227"]
[BlackElo "2412"]
[Annotator "TA"]
[PlyCount "45"]
[EventDate "2022.07.24"]
[EventType "tourn"]
[EventCountry "USA"]
[SourceTitle "playchess.com"]
[Source "ChessBase"]
[SourceQuality "1"]
[TimeControl "5400+30"]

1. e4 e5 2. Nf3 Nc6 3. Nc3 Nf6 4. d4 exd4 5. Nxd4 Bb4 6. Nxc6 bxc6 7. Bd3 d5 8. exd5 cxd5 9. O-O O-O 10. Bg5 c6 11. h3 {[%emt 0:01:45] C47: Scotch Four Knights and Four Knights with 4 g3.} h6 12. Bf4 Re8 13. Qf3 Be6 14. Ne2 Bd6 15. Rfd1 Rb8 16. b3 c5 {[%emt 0:00:24] [#]} 17. c3 $146 ({Predecessor:} 17. Ng3 Bxf4 18. Qxf4 Rb4 19. Qf3 Qc7 20. Re1 a5 21. Nh5 Nxh5 22. Qxh5 Qd8 23. Rad1 {½-½ (35) Shpanko,N (2207)-Cherniaiev,T (2121) Lvov 2019}) 17... a5 18. Ng3 d4 (18... Qe7 $11) 19. Bxd6 $14 Qxd6 20. Bc4 Bxc4 {[%emt 0:06:37] The position is equal.} 21. bxc4 Qe5 22. cxd4 cxd4 23. Qf5 {[%emt 0:00:35] Weighted Error Value: White=0.05 (flawless) /Black=0.10 (very precise)} 1/2-1/2

[Event "Charlotte Summer IM C 2022"]
[Site "Charlotte"]
[Date "2022.07.27"]
[Round "6.4"]
[White "Rodrigue-Lemieux, Shawn"]
[Black "Adewumi, Tanitoluwa"]
[Result "1-0"]
[ECO "A26"]
[WhiteElo "2366"]
[BlackElo "2309"]
[Annotator "TA"]
[PlyCount "85"]
[EventDate "2022.07.24"]
[EventType "tourn"]
[EventCountry "USA"]
[SourceTitle "playchess.com"]
[Source "ChessBase"]
[SourceQuality "1"]
[TimeControl "5400+30"]

1. c4 e5 2. g3 Nc6 3. Bg2 g6 4. Nc3 Bg7 5. e4 d6 6. Nge2 Nf6 7. O-O O-O 8. d3 Re8 {[%emt 0:12:58] 8...Nd7 is a critical line. A26: English Opening vs King's Indian with ...Nc6 and d3.} 9. Rb1 a5 {[%emt 0:02:01] [#]} 10. b3 $146 ({Predecessor:} 10. a3 Nh5 11. b4 axb4 12. axb4 Nd4 13. Nxd4 exd4 14. Ne2 Ra7 15. Bb2 c5 16. Qb3 {1-0 (29) Cohen,H-Carroll,W Mt Vernon 1999}) 10... Bd7 {[%emt 0:04:58] White is slightly better.} 11. h3 h5 12. Be3 Nh7 13. d4 exd4 14. Nxd4 Ng5 (14... a4 $11) 15. h4 (15. f4 $1 $16 Nxh3+ 16. Kh2) 15... Ne6 $11 16. Nxc6 bxc6 17. Rc1 c5 18. Ne2 (18. f4 $11) 18... a4 $15 19. Bd2 axb3 20. axb3 Bc6 21. Bc3 Bxc3 22. Rxc3 Nf8 23. Re3 Nd7 24. Nc3 Qf6 25. e5 dxe5 26. Nd5 Qd8 {[%emt 0:02:26] [#]} 27. Rd3 (27. Ne7+ $1 $11 Rxe7 28. Bxc6) 27... Ra6 (27... e4 $15 28. Rd2 Ra3) 28. Re1 $11 Qb8 29. Nxc7 Qxc7 30. Bxc6 {[%emt 0:00:00][%mdl 64] Remove Defender} Qxc6 31. Rxd7 Rb6 32. Rd5 e4 33. Qc2 Kh7 $2 (33... e3 $1 $11 {and Black has nothing to worry.}) 34. Rxe4 $18 Kg8 (34... Rxe4 {might work better.} 35. Qxe4 Kg7) 35. Rxe8+ Qxe8 36. Rxc5 {[%emt 0:00:03][%mdl 4096] Endgame Strongly threatening Qc3. KQR-KQR} Qe1+ {[%emt 0:00:43] [#]} 37. Kg2 $1 Ra6 $2 (37... Qe7 38. Rd5 Qb7) 38. Rc8+ Kh7 39. Qb2 f6 40. Qd4 {[%emt 0:01:00] White threatens Qd7+ and mate.} Qe7 {[%emt 0:00:17] Against Qd7} 41. Qd8 Qb7+ 42. Kh2 g5 43. Rc7+ {[%emt 0:00:38] Weighted Error Value: White=0.26 (precise) /Black=0.55} 1-0